Map: Ice and Chrome LE

Players

Lambo

  • Race: Zerg Zerg
  • Spawn Location: 7:00

DRG - Winner!

  • Race: Zerg Zerg
  • Spawn Location: 1:00

Event: War Chest Team League

VOD

Have the link to the VOD?

Description

Time

  • Played on: Aug. 7, 2020, 8:12 a.m.
  • Length: 19:37
Show
View Real Time Build Order
Export as new Build Order

Lambo Zerg 

Build Orders: Hatch First 

Get SALT Encoding   

  12  0:00  Drone  
  13  0:12  Overlord  
  13  0:17  Drone  
  14  0:31  Drone x2  
  16  0:47  Hatchery  
  15  0:50  Drone  
  15  0:54  Drone  
  17  0:58  Drone  
  18  1:08  Extractor  
  17  1:12  Spawning Pool  
  17  1:15  Drone  
  17  1:18  Drone  
  18  1:28  Drone  
  19  1:38  Drone  
  20  1:49  Drone  
  21  2:00  Zergling x2, Queen x2  
  26  2:01  Zergling x2  
  26  2:03  Spine Crawler  
  26  2:09  Metabolic Boost  
  26  2:10  Zergling x2  
  27  2:21  Zergling x2  
  27  2:33  Baneling Nest  
  27  2:39  Zergling x2  
  27  2:40  Queen  
  25  2:50  Zergling x4  
  26  2:52  Zergling x2  
  27  3:02  Zergling x2  
  27  3:04  Overlord  
  28  3:17  Baneling x2  
  23  3:20  Zergling x6  
  26  3:29  Baneling  
  26  3:34  Overlord  
  26  3:35  Zergling x2  
  27  3:51  Drone x2  
  29  4:07  Hatchery  
  28  4:15  Drone x3  
  32  4:17  Drone  
  32  4:24  Evolution Chamber  
  32  4:30  Drone  
  32  4:35  Drone  
  33  4:45  Queen  
  32  4:48  Overlord  
  32  4:52  Drone x2  
  36  5:12  Drone x3  
  38  5:19  Drone  
  38  5:24  Zerg Ground Armor Level 1  
  38  5:25  Evolution Chamber  
  37  5:28  Drone x3  
  37  5:32  Drone x2  
  42  5:41  Drone x2  
  44  5:53  Zerg Melee Weapons Level 1  
  44  5:55  Zergling x14  
  51  6:03  Zergling x2  
  51  6:08  Hatchery  
  51  6:09  Zergling x2  
  51  6:20  Overlord x3  
  51  6:26  Overlord  
  51  6:30  Zergling x4  
  51  6:31  Extractor  
  51  6:34  Zergling x2  
  52  6:41  Zergling x8  
  52  6:46  Zergling x8  
  60  6:50  Zergling x6  
  63  7:00  Zergling x4  
  65  7:06  Baneling x12  
  64  7:12  Zergling x8  
  64  7:14  Baneling  
  62  7:23  Zergling x12  
  62  7:24  Baneling x2  
  66  7:31  Drone x3  
  65  7:39  Drone  
  65  7:42  Drone x4  
  59  7:51  Zergling x2  
  59  7:52  Zergling x4  
  59  7:55  Roach Warren  
  59  7:56  Drone x2  
  63  7:58  Zerg Missile Weapons Level 1  
  63  8:03  Lair  
  63  8:06  Zergling x2  
  63  8:07  Zergling x4  
  66  8:17  Drone x6  
  66  8:19  Extractor  
  71  8:24  Drone  
  71  8:25  Overlord, Drone x2  
  73  8:34  Drone x2  
  73  8:39  Roach x4  
  83  8:42  Extractor  
  83  8:44  Roach x2  
  83  8:45  Overlord  
  86  8:50  Roach x2  
  90  8:55  Overlord  
  90  8:58  Overlord  
  90  9:00  Roach x2  
  94  9:09  Roach x5  
  104  9:13  Roach  
  104  9:15  Overlord  
  106  9:18  Drone x4  
  106  9:20  Overseer  
  106  9:22  Extractor  
  109  9:26  Drone x2  
  109  9:27  Drone  
  109  9:29  Roach  
  114  9:35  Overlord  
  114  9:39  Roach x4  
  114  9:43  Extractor, Overlord  
  114  9:44  Overlord  
  121  9:47  Overlord  
  121  9:50  Overlord  
  121  9:52  Overlord  
  121  10:03  Overlord  
  121  10:05  Drone x3  
  124  10:07  Zerg Missile Weapons Level 2  
  124  10:13  Ravager x4  
  128  10:16  Hatchery  
  128  10:17  Roach x2  
  133  10:21  Roach x3  
  133  10:25  Glial Reconstitution  
  137  10:29  Roach x2  
  137  10:31  Overseer  
  137  10:32  Pneumatized Carapace  
  141  10:35  Overseer  
  141  10:39  Roach x3  
  147  10:49  Roach x5  
  157  10:51  Overseer  
  157  10:53  Overlord  
  157  11:02  Roach x4  
  165  11:07  Roach x2  
  168  11:11  Overlord  
  168  11:14  Overlord x2  
  168  11:22  Overlord  
  168  11:25  Overlord  
  168  11:28  Overlord  
  168  11:31  Overlord, Ravager x2  
  166  11:37  Roach x3  
  172  11:46  Drone  
  173  11:47  Hatchery  
  173  11:50  Roach x5  
  173  11:51  Ravager x2  
  173  11:52  Ravager  
  185  11:58  Drone  
  186  12:02  Ravager x2  
  186  12:03  Ravager x2  
  186  12:04  Roach x4  
  186  12:07  Overseer  
  198  12:11  Overlord  
  198  12:13  Overlord  
  198  12:14  Overlord  
  198  12:19  Overlord  
  198  12:20  Overlord  
  198  12:21  Overlord  
  196  12:27  Overlord  
  196  12:29  Roach x2  
  198  12:33  Infestation Pit  
  197  12:48  Drone x3  
  198  12:57  Roach x7  
  200  13:04  Roach  
  200  13:05  Roach  
  200  13:10  Overlord  
  200  13:12  Burrow, Tunneling Claws  
  200  13:14  Hive  
  200  13:15  Overlord  
  198  13:26  Roach x3  
  198  13:27  Roach x2  
  196  13:40  Roach x9  
  191  13:42  Roach  
  191  13:43  Roach x3  
  191  13:46  Roach x2  
  178  13:49  Roach x2  
  178  13:53  Roach x2  
  169  13:56  Roach  
  169  14:00  Roach x2  
  169  14:02  Roach  
  164  14:04  Roach  
  164  14:08  Roach  
  164  14:09  Roach  
  164  14:13  Ravager x3  
  164  14:14  Ravager x4  
  164  14:15  Roach  
  173  14:17  Roach  
  173  14:20  Roach  
  173  14:23  Roach  
  179  14:26  Roach x12  
  179  14:29  Roach x4  
  183  14:41  Roach x6  
  183  14:42  Roach x17  
  192  14:53  Roach x5  
  199  15:12  Zerg Missile Weapons Level 3  
  199  15:13  Zerg Ground Armor Level 2  
  199  15:26  Roach  
  197  15:42  Roach x7  
  188  15:50  Drone  
  188  15:51  Drone x3  
  188  15:52  Extractor  
  188  15:53  Extractor  
  190  15:59  Hatchery  
  187  16:11  Hydralisk Den  
  186  16:17  Roach x10  
  179  16:18  Viper x4  
  172  16:27  Drone x3  
  172  16:28  Drone x3  
  180  16:47  Roach x20  
  180  16:51  Overseer  
  180  16:52  Roach x7  
  188  17:01  Roach x7  
  198  17:02  Overseer  
  191  17:22  Roach x12  
  195  17:26  Roach x2  
  189  17:31  Roach x4  
  189  17:34  Hydralisk  
  167  17:42  Hydralisk x2  
  169  17:46  Roach x2  
  169  17:49  Hydralisk  
  157  17:51  Hydralisk  
  157  17:55  Roach  
  157  17:57  Roach  
  135  18:00  Roach x2  
  133  18:06  Roach x2  
  133  18:10  Muscular Augments  
  135  18:14  Roach x3  
  135  18:16  Ravager  
  135  18:19  Hydralisk  
  144  18:22  Ravager  
  144  18:23  Ravager x2  
  147  18:30  Roach x3  
  147  18:32  Roach  
  143  18:37  Roach x3  
  130  18:41  Roach x2  
  130  18:43  Roach  
  130  18:48  Roach x2  
  114  18:56  Roach  
  114  19:00  Roach x12  
  103  19:05  Roach x2  
  103  19:09  Roach  
  103  19:15  Roach  
  103  19:20  Ravager x4  
Show
View Real Time Build Order
Export as new Build Order

DRG Zerg - Winner!

Build Orders: 1 Base Baneling Bust, Pool First, Zergling Baneling 

Get SALT Encoding   

  13  0:11  Extractor  
  11  0:20  Spawning Pool  
  10  0:24  Drone  
  11  0:29  Drone  
  11  0:35  Drone  
  13  0:49  Overlord  
  13  1:07  Zergling x4  
  13  1:08  Zergling x2  
  16  1:15  Metabolic Boost  
  16  1:21  Zergling x2  
  17  1:29  Zergling x2  
  18  1:37  Baneling Nest  
  17  1:42  Zergling x2  
  18  1:52  Zergling x2  
  19  2:01  Zergling x2  
  19  2:06  Queen  
  22  2:17  Overlord  
  22  2:21  Baneling  
  22  2:22  Baneling  
  22  2:42  Baneling x2  
  22  2:43  Zergling x4  
  23  2:45  Zergling x2  
  23  2:46  Baneling  
  24  2:54  Baneling  
  24  2:57  Zergling x2  
  25  3:05  Zergling x2  
  20  3:20  Zergling x4  
  20  3:27  Drone x2  
  22  3:35  Baneling  
  22  3:36  Drone  
  23  3:48  Drone  
  24  3:59  Hatchery  
  24  4:00  Zergling x2  
  24  4:06  Drone  
  24  4:08  Drone  
  26  4:16  Drone  
  27  4:19  Baneling  
  27  4:20  Drone  
  28  4:28  Overlord  
  28  4:37  Queen  
  29  4:46  Drone  
  29  4:48  Drone x2  
  29  4:50  Baneling  
  29  4:51  Drone  
  33  5:03  Drone  
  33  5:09  Drone x3  
  33  5:11  Drone  
  37  5:15  Lair  
  37  5:21  Baneling  
  37  5:22  Drone  
  37  5:25  Drone  
  39  5:28  Drone  
  39  5:35  Drone  
  41  5:38  Drone  
  41  5:40  Evolution Chamber  
  41  5:42  Roach Warren  
  40  5:44  Overlord  
  40  5:46  Drone x2  
  40  5:48  Drone  
  43  5:53  Drone  
  43  5:56  Extractor  
  43  5:58  Extractor  
  43  6:00  Drone x2  
  44  6:08  Drone x2  
  44  6:09  Drone  
  44  6:10  Zerg Missile Weapons Level 1  
  47  6:12  Drone  
  47  6:13  Drone  
  49  6:21  Drone x2  
  51  6:31  Glial Reconstitution  
  51  6:35  Overlord  
  51  6:37  Overseer  
  51  6:39  Hatchery  
  49  6:41  Overlord  
  49  6:44  Overlord  
  49  6:46  Roach  
  51  6:52  Overlord  
  51  6:56  Roach x2  
  51  6:58  Roach x2  
  59  7:02  Roach  
  59  7:04  Roach  
  59  7:05  Roach  
  65  7:11  Roach  
  67  7:16  Roach  
  67  7:17  Overlord  
  68  7:25  Baneling x2  
  68  7:26  Baneling  
  68  7:29  Queen x2  
  70  7:38  Roach x5  
  74  7:45  Roach  
  74  7:49  Roach  
  76  7:51  Roach  
  76  7:54  Roach x2  
  76  7:56  Roach  
  82  8:00  Overlord  
  82  8:02  Overlord  
  82  8:05  Drone x2  
  84  8:17  Hatchery  
  83  8:21  Drone x2  
  83  8:23  Zerg Missile Weapons Level 2  
  83  8:26  Extractor  
  84  8:30  Overseer  
  84  8:33  Drone  
  85  8:37  Overlord  
  85  8:41  Roach x2  
  85  8:42  Roach  
  85  8:47  Queen  
  93  8:49  Overlord  
  93  8:52  Tunneling Claws  
  93  8:57  Burrow  
  93  9:01  Roach x2  
  97  9:06  Roach  
  99  9:11  Roach  
  99  9:12  Roach x2  
  106  9:17  Drone x3  
  106  9:20  Drone  
  106  9:21  Drone  
  106  9:23  Drone  
  111  9:31  Drone x4  
  113  9:35  Drone, Pneumatized Carapace  
  116  9:39  Drone x2  
  116  9:41  Drone  
  116  9:43  Extractor  
  116  9:44  Drone  
  116  9:45  Drone  
  120  9:53  Overlord  
  120  9:59  Roach x2  
  126  10:00  Roach  
  126  10:02  Overlord  
  126  10:03  Overlord  
  126  10:06  Roach  
  128  10:17  Overlord x2  
  128  10:23  Roach x5  
  138  10:32  Roach x5  
  148  10:39  Zerg Ground Armor Level 1  
  148  10:41  Hatchery  
  147  10:46  Roach x3  
  153  10:51  Ravager x2  
  153  10:52  Ravager x3  
  153  10:53  Extractor, Ravager x2  
  159  10:57  Roach x4  
  159  10:58  Overlord x3  
  159  11:05  Roach x3  
  159  11:10  Overlord  
  165  11:12  Overlord  
  165  11:15  Roach x2  
  169  11:22  Roach x2  
  157  11:38  Drone x5  
  162  11:40  Drone x2  
  162  11:41  Infestation Pit  
  162  11:42  Drone x5  
  162  11:43  Ravager x3, Spore Crawler  
  162  11:44  Ravager  
  167  11:49  Roach x5  
  177  12:02  Hydralisk Den  
  177  12:03  Roach x6  
  177  12:05  Ravager x2  
  194  12:08  Roach x2  
  194  12:13  Extractor  
  193  12:22  Roach x3  
  196  12:33  Hive  
  196  12:35  Lurker Den  
  195  12:44  Roach x2  
  191  13:04  Roach x8  
  199  13:12  Extractor  
  199  13:13  Grooved Spines  
  194  13:23  Overseer  
  194  13:31  Overlord x2  
  162  13:41  Roach x12  
  162  13:47  Roach x10  
  184  13:55  Roach x6  
  160  14:00  Roach x8  
  160  14:02  Roach x19  
  167  14:08  Roach x4  
  176  14:10  Ravager x4  
  177  14:18  Roach x5  
  177  14:23  Roach  
  187  14:25  Zerg Missile Weapons Level 3  
  187  14:34  Roach x5  
  187  14:37  Roach x2  
  195  14:42  Seismic Spines  
  195  14:43  Drone x3  
  184  14:57  Hydralisk x3  
  184  14:58  Roach  
  184  14:59  Roach x2  
  194  15:12  Drone x2  
  192  15:17  Spore Crawler  
  192  15:18  Hydralisk  
  193  15:21  Hydralisk  
  193  15:23  Lurker x3  
  192  15:30  Roach x4  
  184  15:45  Roach x7  
  184  15:46  Roach x19  
  194  15:52  Lurker x2  
  194  15:58  Adaptive Talons  
  194  16:01  Roach x4  
  200  16:18  Roach  
  198  16:23  Roach x6  
  196  16:38  Roach  
  196  16:39  Roach x3  
  187  16:49  Roach x8  
  192  17:00  Roach x4  
  198  17:06  Roach  
  175  17:32  Roach x15  
  175  17:36  Roach x3  
  185  17:41  Roach x4  
  191  17:50  Roach x6  
  191  17:58  Roach x3  
  164  18:02  Hatchery, Roach  
  164  18:03  Ravager x13  
  164  18:04  Ravager x4  
  171  18:09  Roach  
  171  18:10  Roach x3  
  173  18:18  Hydralisk x2  
  173  18:19  Hydralisk  
  179  18:23  Roach x2  
  160  18:39  Roach x8  
  165  18:47  Roach x4  
  162  19:00  Roach x6  
  164  19:08  Hydralisk x2  
  166  19:18  Drone  
Tags
 
Add a new tag
Caveats
  • Supply blocks, unpowered buildings, or Contaminate may cause inaccurate times.
  • Supply counts are checked every 10 seconds.